 Dungeon Crawl Stone Soup version 0.28-a0-1182-g381e24db82 (webtiles) character file.

Game seed: 17053230762276445971

3730 Htamos the Grappler (level 9, 0/93 HPs)
             Began as a Troll Berserker on Dec 17, 2021.
             Was an Elder of Trog.
             Slain by a two-headed ogre (9 damage)
             ... on level 8 of the Dungeon.
             The game lasted 00:12:21 (5902 turns).

Htamos the Grappler (Troll Berserker)               Turns: 5902, Time: 00:12:22

Health: 0/93       AC:  5    Str: 26 (27) XL:     9   Next: 92%
Magic:  8/8        EV: 10    Int:  5      God:    Trog [****..]
Gold:   356        SH:  0    Dex:  9 (11) Spells: 8/8 levels left

rFire   . . .      SeeInvis .     - Unarmed
rCold   . . .      Faith    .   (no shield)
rNeg    . . .      Spirit   .   a - +0 animal skin
rPois   .          Reflect  .   (helmet restricted)
rElec   .          Harm     .   o - +0 cloak
rCorr   .          Rampage  .   (gloves unavailable)
Will    .....                   (boots unavailable)
Stlth   +.........              (no amulet)
HPRegen 1.05/turn               (no ring)
MPRegen 0.11/turn               (no ring)

@: mighty, on berserk cooldown
A: large, unfitting armour, claws 3, regeneration 1, shaggy fur 1, tough skin 1
a: Renounce Religion, Berserk, Trog's Hand, Brothers in Arms


You were on level 8 of the Dungeon.
You worshipped Trog.
Trog was greatly pleased with you.
You visited 1 branch of the dungeon, and saw 8 of its levels.

You collected 356 gold pieces.

Inventory:

Hand Weapons
 n - a +0 dagger
 y - the +8 long sword "Qomoowk" {venom, *Rage rPois Will+}
   (You found it on level 6 of the Dungeon)

   It poisons the flesh of those it strikes.
   rPois:     It protects you from poison.
   *Rage:     It berserks you when you make melee attacks (+20% chance).
   Will:      It increases your willpower.
Missiles
 b - a throwing net
 m - 34 poisoned darts (quivered)
 s - 69 stones
Armour
 a - a +0 animal skin (worn)
 o - a +0 cloak (worn)
Wands
 q - a wand of flame (25)
Scrolls
 c - 7 scrolls of teleportation {unknown}
 g - 2 scrolls of magic mapping {unknown}
 h - a scroll of immolation {unknown}
 i - a scroll of silence {unknown}
 j - 3 scrolls of fear {unknown}
 l - 2 scrolls of noise {unknown}
 p - a scroll of enchant armour {unknown}
 r - 2 scrolls of amnesia {unknown}
 t - 5 scrolls of identify {@rr}
 w - a scroll of holy word {unknown}
 z - a scroll of vulnerability {unknown}
Potions
 d - a potion of might
 e - 2 potions of brilliance
 k - 2 potions of degeneration
 u - a potion of lignification {unknown}
 v - a potion of attraction {unknown}
 x - a potion of experience {unknown}


   Skills:
 + Level 7.6 Fighting
 - Level 2.4 Dodging
 * Level 11.8 Unarmed Combat


You had 8 spell levels left.
You didn't know any spells.
Your spell library was empty.

Dungeon Overview and Level Annotations

Branches:
Dungeon (8/15)
 Temple: D:4-7         Lair: D:8-11

Altars:
Elyvilon
Okawaru
Ru
Uskayaw
The Shining One

Annotations:
D:3 exclusion: downstairs


Innate Abilities, Weirdness & Mutations

You are too large for most types of armour.
You have claws for hands.
Your natural rate of healing is unusually fast.
You are covered in fur. (AC +1)
You have tough skin. (AC +1)


Message History

You kill the water moccasin!
Trog accepts your kill.
You feel your strength returning.
b - a throwing net;
m - 34 poisoned darts (gained 8)
Items here: )) [ ††.
You feel a strong urge to attack something.
You are no longer berserk.
You are exhausted.
You feel yourself slow down.
There is a stone staircase leading up here.
You start resting.
You feel the effects of Trog's Hand fading.
You start resting.
Your skin stops crawling.
You feel less strong-willed.
You start resting.
HP restored.
Items here: )) [ ††.
A two-headed ogre comes into view.
It is wielding a +0 giant spiked club and a +0 giant club.
Items here: )) ††.
A two-headed ogre is nearby!
There is a stone staircase leading up here.
You start waiting.
A two-headed ogre is nearby!
You see here a bullfrog corpse.
You feel yourself speed up.
The two-headed ogre hits you with a +0 giant spiked club!!
The two-headed ogre hits you with a +0 giant club!!
* * * LOW HITPOINT WARNING * * *
You feel very mighty all of a sudden.
The two-headed ogre hits you with a +0 giant spiked club!!
* * * LOW HITPOINT WARNING * * *
The two-headed ogre barely misses you.
Unknown command.
You scratch the two-headed ogre.
The two-headed ogre is lightly wounded.
You scratch the two-headed ogre.
The two-headed ogre is lightly wounded.
The two-headed ogre hits you with a +0 giant spiked club.
* * * LOW HITPOINT WARNING * * *
The two-headed ogre hits you with a +0 giant club!
You die...

##### #.<.####
#..†...##
..######....O@.#
.O.....))...####
..#####.#####
#.# ... ...#
...## #<#. #.##


You could see a two-headed ogre.

Vanquished Creatures
  Harold (D:8)
  A hornet (D:7)
  A wraith (D:6)
  Sigmund (D:6)
  A steam dragon (D:8)
  A water moccasin (D:8)
  An orc warrior (D:5)
  2 black bears
  A sky beast (D:6)
  An ogre (D:5)
  A centaur (D:7)
  Blork the orc (D:4)
  A kobold brigand (D:8)
  3 bullfrogs
  A scorpion (D:5)
  2 water moccasin skeletons
  4 wights
  2 electric eels (D:3)
  2 howler monkeys
  A crimson imp (D:6)
  3 bullfrog zombies (D:6)
  2 gnoll shamans
  3 hounds (D:6)
  Crazy Yiuf (D:2)
  3 orc priests (D:6)
  A jelly (D:6)
  3 iguanas
  Terence (D:2)
  A scorpion zombie (D:5)
  5 orc wizards
  A killer bee zombie (D:6)
  Robin (D:2)
  15 gnolls
  7 adders
  3 ufetubi
  2 adder skeletons (D:4)
  2 worms
  3 dart slugs
  10 orcs
  8 endoplasms
  3 giant cockroaches
  16 goblins
  7 hobgoblins
  6 jackals
  3 quokkas
  8 ball pythons
  7 bats
  7 frilled lizards
  A goblin skeleton (D:6)
  A goblin zombie (D:6)
  3 hobgoblin zombies (D:6)
  9 kobolds
  A kobold skeleton (D:6)
  4 kobold zombies (D:6)
  An orc skeleton (D:6)
  8 rats
189 creatures vanquished.

Vanquished Creatures (others)
  9 fungi (D:8)
  6 plants (D:8)
15 creatures vanquished.

Grand Total: 204 creatures vanquished

Notes
Turn   | Place    | Note
-------+----------+-------------------------------------------
     0 | D:1      | Htamos the Troll Berserker began the quest for the Orb.
     0 | D:1      | Reached XP level 1. HP: 22/22 MP: 0/0
    84 | D:1      | Reached XP level 2. HP: 29/29 MP: 1/1
   328 | D:1      | Found a faded altar of an unknown god.
   346 | D:1      | Reached ** piety under Trog
   700 | D:1      | Reached XP level 3. HP: 35/35 MP: 2/2
  1114 | D:2      | Noticed Robin
  1156 | D:2      | Killed Robin
  1157 | D:2      | Reached skill level 4 in Unarmed Combat
  1157 | D:2      | Reached XP level 4. HP: 35/45 MP: 3/3
  1594 | D:2      | Noticed Terence
  1606 | D:2      | Killed Terence
  1606 | D:2      | Reached *** piety under Trog
  1706 | D:2      | Found a runed translucent door.
  1707 | D:2      | Noticed Crazy Yiuf
  1783 | D:2      | Killed Crazy Yiuf
  1784 | D:2      | Reached XP level 5. HP: 54/54 MP: 4/4
  2056 | D:3      | Found a transporter.
  2071 | D:3      | Found a transporter.
  2838 | D:3      | Reached skill level 5 in Unarmed Combat
  2977 | D:4      | Found a white marble altar of Elyvilon.
  2999 | D:4      | Found an iron altar of Okawaru.
  3017 | D:4      | Reached XP level 6. HP: 47/62 MP: 5/5
  3209 | D:4      | Reached skill level 6 in Unarmed Combat
  3251 | D:3      | Reached XP level 7. HP: 71/71 MP: 6/6
  3353 | D:4      | Reached skill level 7 in Unarmed Combat
  3367 | D:4      | Reached skill level 5 in Fighting
  3385 | D:4      | Noticed Blork the orc
  3391 | D:4      | Killed Blork the orc
  3479 | D:4      | Reached **** piety under Trog
  3914 | D:5      | Entered Level 5 of the Dungeon
  4240 | D:5      | Reached XP level 8. HP: 71/81 MP: 7/7
  4254 | D:5      | Reached skill level 8 in Unarmed Combat
  4930 | D:6      | Reached skill level 9 in Unarmed Combat
  4992 | D:6      | Found a sacrificial altar of Ru.
  5158 | D:6      | Found a glowing golden altar of the Shining One.
  5194 | D:6      | Reached XP level 9. HP: 79/92 MP: 8/8
  5249 | D:6      | Reached skill level 10 in Unarmed Combat
  5298 | D:6      | Identified the +8 long sword "Qomoowk" {venom, *Rage rPois
                  | Will+}
  5320 | D:6      | Noticed Sigmund
  5331 | D:6      | Killed Sigmund
  5384 | D:6      | Found a hide-covered altar of Uskayaw.
  5766 | D:7      | HP: 4/93 [something (1)]
  5850 | D:8      | Noticed Harold
  5862 | D:8      | Reached skill level 11 in Unarmed Combat
  5867 | D:8      | Killed Harold
  5890 | D:8      | Noticed a two-headed ogre
  5902 | D:8      | Slain by a two-headed ogre

Illustrated notes

Levels and vault maps discovered:
D:1:      matt_arrival_refuge, layout_loops_ring, serial_forest,
          infiniplex_forest_clump_cross, infiniplex_forest_end_2,
          infiniplex_forest_pool, infiniplex_forest_join,
          infiniplex_forest_end_1, infiniplex_forest_lined_1,
          infiniplex_forest_straight_1, infiniplex_forest_clump_diagonal,
          infiniplex_forest_lined_2, shapermc_ecumenical_altar_notcrosses,
          chequers_serial_rivers_micro_d
D:2:      layout_loops_ring, minmay_bisected, uniq_crazy_yiuf_cottage,
          uniq_terence, uniq_robin
D:3:      gammafunk_steamed_eel, layout_basic
D:4:      layout_layer_cave, jmf_multi_god_temple, minmay_diced_spiral,
          uniq_blork_the_orc
D:5:      layout_basic, minmay_holes
D:6:      layout_gridville, nicolae_tso_besieged_by_evil,
          mainiacjoe_overflow_concentric_impassable, nicolae_uskayaw_suspiria,
          palyth_stone_intersect, uniq_sigmund
D:7:      layout_cave_pools, xom_confusion_cloud, mainiacjoe_overflow_catwalk,
          temple_statues
D:8:      layout_rooms, grunt_lair_entry_orc_guard_hut,
          ebering_ghost_reflecting_pool, minmay_misc_feat_pillars, uniq_harold

Skill      XL: |  1  2  3  4  5  6  7  8  9 |
---------------+----------------------------+-----
Fighting       | 3 4 5 6 7 |  7.6
Unarmed Combat | 4 5 6 7 9 11 | 11.8
Dodging        | |  2.4

Action                   |  1- 3 |  4- 6 |  7- 9 || total
-------------------------+-------+-------+-------++-------
Melee: Unarmed           |    93 |   152 |   240 ||   485
       Punch             |       |     2 |     9 ||    11
Invok: Berserk           |       |     3 |     7 ||    10
       Trog's Hand       |       |       |     2 ||     2
Evoke: Wand              |       |     4 |     3 ||     7
  Use: Scroll            |       |     3 |     3 ||     6
       Potion            |       |       |     8 ||     8
 Stab: Sleeping          |       |     2 |       ||     2
       Distracted        |       |       |     1 ||     1
Armor: Animal skin       |    35 |    43 |    63 ||   141
Dodge: Dodged            |    49 |    86 |   122 ||   257

Table legend: (Time is in decaauts)
 A = Elapsed time spent in this place.
 B = Non-inter-level travel time spent in this place.
 C = Inter-level travel time spent in this place.
 D = Time resting spent in this place.
 E = Time spent auto-exploring this place.
 F = Levels seen in this place.
 G = Mean time per level.
                   A        B        C        D        E       F      G
               +--------+--------+--------+--------+--------+-----+--------+
         Total |   5948 |   5611 |    337 |    364 |   3957 |   8 |  743.5 |
       Dungeon |   5948 |   5611 |    337 |    364 |   3957 |   8 |  743.5 |
               +--------+--------+--------+--------+--------+-----+--------+

Top non-repeatable levels by time:
     D:3: 1285 daAuts
     D:1: 1013 daAuts
     D:6: 922 daAuts
     D:5: 865 daAuts
     D:2: 848 daAuts
     D:4: 829 daAuts
     D:8: 133 daAuts
     D:7: 51 daAuts
